 Dungeon Crawl Stone Soup version 0.30-a0-389-g8d7d949f56 (webtiles) character file.

Game seed: 7200820890879143245

312 spardeous the Ducker (level 6, 0/23 HPs)
             Began as a Felid Transmuter on Dec 4, 2022.
             Slain by Grinder (10 damage)
             ... on level 4 of the Dungeon.
             The game lasted 00:14:21 (4390 turns).

spardeous the Ducker (Felid Transmuter)             Turns: 4390, Time: 00:14:22

Health: 0/23       AC:  2    Str:  6    XL:     6   Next: 18%
Magic:  7/10       EV: 26    Int: 14    God:
Gold:   230        SH:  0    Dex: 24    Spells: 3/9 levels left
                                        Lives:  0   Deaths: 1

rFire   . . .      SeeInvis +      - Unarmed
rCold   . . .      Faith    .    (shield unavailable)
rNeg    . . .      Spirit   .    (body armour unavailable)
rPois   x          Reflect  .    (helmet unavailable)
rElec   .          Harm     .    (cloak unavailable)
rCorr   .          Rampage  .    (gloves unavailable)
Will    .....                    (boots unavailable)
Stlth   ++........               (no amulet)
HPRegen 0.00/turn                (no ring)
MPRegen 0.12/turn                (no ring)

@: spider-form (expiring), inhibited regen
A: venomous fangs, tiny, (claws 1), (fangs 3), see invisible, (speed 1), (shaggy
fur 2), (stealthy paws), no weapons or thrown items, no armour, multi-lived,
frail 1, inhibited regeneration
a: End Transformation


You were on level 4 of the Dungeon.
You were a venomous arachnid creature.
You visited 1 branch of the dungeon, and saw 4 of its levels.

You collected 230 gold pieces.

Inventory:

Jewellery
 b - an amulet of reflection
 k - a ring of protection from fire
Scrolls
 c - 2 scrolls of teleportation {unknown}
 f - 2 scrolls of vulnerability
 i - 2 scrolls of magic mapping
 l - 2 scrolls of noise
Potions
 a - a potion of lignification
 d - 2 potions of heal wounds {unknown}
 e - a potion of cancellation
 g - 3 potions of degeneration
 h - 2 potions of curing


   Skills:
 + Level 2.1 Fighting
 - Level 6.4 Dodging
 - Level 5.3 Unarmed Combat
 - Level 2.0 Spellcasting
 - Level 4.4 Transmutations


You had 3 spell levels left.
You knew the following spells:

 Your Spells              Type           Power      Damage    Failure   Level
a - Beastly Appendage     Tmut           26%        N/A       12%         1
b - Spider Form           Tmut/Pois      7%         N/A       50%         3
c - Wereblood             Tmut           13%        N/A       17%         2

Your spell library contained the following spells:

 Spells                   Type           Power      Damage    Failure   Level
 Apportation              Tloc           2%         N/A       45%         1
 Cigotuvi's Dreadful Rot  Necr/Pois/Air  2%         N/A       56%         2
 Poisonous Vapours        Pois/Air       2%         N/A       56%         2
 Mephitic Cloud           Conj/Pois/Air  1%         N/A       77%         3
 Ice Form                 Ice/Tmut       7%         N/A       85%         4
 Alistair's Intoxication  Tmut/Pois      4%         N/A       99%         5
 Iskenderun's Battlesphe  Conj           1%         2d6       100%        5
 Iron Shot                Conj/Erth      0%         9d1       100%        6
 Spellforged Servitor     Conj/Summ      0%         N/A       100%        7


Dungeon Overview and Level Annotations

Branches:
Dungeon (4/15)             Temple (0/1) D:4

Altars:
Makhleb
Xom
The Shining One

Annotations:
D:4 Grinder


Innate Abilities, Weirdness & Mutations

You are a venomous arachnid creature.
You have poisonous fangs.
You are tiny and dextrous.
Your spellcasting is less reliable in this form.
((You have sharp claws.))
((You have razor-sharp teeth.))
You have supernaturally acute eyesight. (SInv)
((You cover ground quickly. (Speed+)))
((You are covered in thick fur. (AC +2)))
((Your paws help you pounce on unaware monsters.))
You are incapable of wielding weapons or throwing items.
You cannot wear armour.
You gain extra lives every three experience levels.
You are frail. (-10% HP)
You do not regenerate when monsters are visible.


Message History

Casting: Spider Form (extremely dangerous; 28% risk of failure)
Confirm with . or Enter, or press ? or * to list all spells.
The spell is extremely dangerous to miscast (28% risk of failure)!
Continue anyway?
You turn into a venomous arachnid creature.
The helpless hobgoblin fails to defend itself.
You bite the hobgoblin!
You kill the hobgoblin!
No target in view!
No target in view!
Your transformation is almost over.
Your transformation has ended.
There is an open door here.
There is an open door here.
There is an open door here.
You see here 5 stones.
Grinder shouts!
Grinder is nearby!
Grinder is nearby!
Grinder is nearby!
Grinder is nearby!
You start waiting.
Grinder is nearby!
Casting: Spider Form (extremely dangerous; 28% risk of failure)
Confirm with . or Enter, or press ? or * to list all spells.
The spell is extremely dangerous to miscast (28% risk of failure)!
Continue anyway?
You turn into a venomous arachnid creature.
No target in view!
No target in view!
Your transformation is almost over.
Grinder hits you!
You writhe in agony.
You are too injured to fight recklessly!
You are too injured to fight recklessly!
You are too injured to fight recklessly!
You hit Grinder.
Grinder is lightly wounded.
Grinder closely misses you.
You hit Grinder.
Grinder is lightly wounded.
Grinder hits you!
You die...

#...............#.#.......#...
#############...#.#.......#..#
....... #..##.##.####.##)# .
....... #..#...#.......#.. #..
...5... #..#._.#..##.#.... ...
....... #..#...#..##.##### ...
....... #..##.##..##.# ...
....... #...#.#...##.# ...
.......#####s#.#.#...##.# .>.
...........5.#.#.#..###.# ###
##############.#'#..# #.#
#.....## #.# #.##### #.#####
#.....# #..##.... #..######


You could see Grinder.

Vanquished Creatures
  Pargi (D:3)
  A scorpion (D:4)
  A hound (D:4)
  Crazy Yiuf (D:2)
  2 orc priests (D:2)
  An iguana (D:4)
  An orc wizard (D:3)
  Terence (D:2)
  Robin (D:2)
  6 adders
  3 worms
  8 dart slugs
  12 orcs
  5 bats
  6 endoplasms
  2 giant cockroaches (D:2)
  14 goblins
  7 hobgoblins
  4 jackals
  7 kobolds
  5 ball pythons
  2 frilled lizards (D:2)
  14 rats
105 creatures vanquished.

Notes
Turn   | Place    | Note
-------+----------+-------------------------------------------
     0 | D:1      | spardeous the Felid Transmuter began the quest for the Orb.
     0 | D:1      | Reached XP level 1. HP: 9/9 MP: 4/4
    32 | D:1      | Reached skill level 3 in Dodging
   161 | D:1      | Reached XP level 2. HP: 12/12 MP: 4/6
   294 | D:1      | Reached skill level 4 in Dodging
   796 | D:2      | Reached XP level 3. HP: 15/15 MP: 5/7
  1119 | D:2      | Learned a level 3 spell: Spider Form
  1200 | D:2      | Reached skill level 5 in Dodging
  1290 | D:2      | Noticed Terence
  1327 | D:2      | Killed Terence
  1328 | D:2      | Reached XP level 4. HP: 19/19 MP: 5/8
  1417 | D:2      | Noticed Robin
  1438 | D:2      | Gained mutation: You are frail. (-10% HP) [potion of
                  | mutation]
  1438 | D:2      | Gained mutation: You do not regenerate when monsters are
                  | visible. [potion of mutation]
  1448 | D:2      | Killed Robin
  1471 | D:2      | Reached XP level 5. HP: 9/19 MP: 5/9
  1894 | D:2      | Found a runed translucent door.
  1895 | D:2      | Noticed Crazy Yiuf
  2089 | D:2      | Killed Crazy Yiuf
  2090 | D:2      | Reached skill level 6 in Dodging
  2526 | D:3      | Found a glowing golden altar of the Shining One.
  2704 | D:3      | Learned a level 2 spell: Wereblood
  2868 | D:3      | Gained mutation: You are covered in thick fur. (AC +2)
                  | [Felid growth]
  2868 | D:3      | Reached XP level 6. HP: 22/22 MP: 7/10
  2901 | D:3      | Noticed Pargi
  3039 | D:3      | Killed Pargi
  3267 | D:4      | Found a shimmering altar of Xom.
  3533 | D:4      | Reached skill level 5 in Unarmed Combat
  3601 | D:4      | Found a staircase to the Ecumenical Temple.
  3679 | D:4      | Found a burning altar of Makhleb.
  3999 | D:4      | Noticed Grinder
  4005 | D:4      | Paralysed by Grinder for 2 turns
  4016 | D:4      | Killed from afar by Grinder
  4017 | D:4      | Reached XP level 5. HP: -7/19 MP: 6/9
  4230 | D:4      | Reached XP level 6. HP: 22/23 MP: 6/10
  4390 | D:4      | Slain by Grinder

Illustrated notes

Levels and vault maps discovered:
D:1:      psy_arrival_terrarium, layout_basic, serial_park_tiny_pond,
          hangedman_decor_growths, minmay_crystal_water
D:2:      kennysheep_six_static_rooms, layout_loops_ring,
          uniq_crazy_yiuf_cottage, uniq_robin, uniq_terence
D:3:      layout_basic, general_overflow_altar, uniq_pargi
D:4:      layout_basic, makhleb_heckhound_becter,
          mainiacjoe_overflow_surrounded_room, minmay_temple_entry_wispy,
          hangedman_decor_riveting, minmay_close_crescents, uniq_grinder

Skill      XL: |  1  2  3  4  5  6 |
---------------+-------------------+-----
Dodging        | 3 4 5 6 |  6.4
Transmutations | 3 4 |  4.4
Unarmed Combat | 5 |  5.3
Fighting       | 2 |  2.1
Spellcasting   | |  2.0

Action                   |  1- 3 |  4- 6 || total
-------------------------+-------+-------++-------
Melee: Unarmed           |   101 |   199 ||   300
       Headbutt          |    14 |     7 ||    21
       Bite              |     7 |     6 ||    13
       Punch             |     1 |       ||     1
 Cast: Beastly Appendage |    32 |    20 ||    52
       Spider Form       |     2 |    29 ||    31
       Wereblood         |       |     1 ||     1
  Use: Scroll            |       |     8 ||     8
       Potion            |       |     2 ||     2
 Stab: Sleeping          |     1 |     7 ||     8
       Distracted        |       |     1 ||     1
Armor: Skin              |     2 |     9 ||    11
Dodge: Dodged            |    57 |   185 ||   242

Table legend: (Time is in decaauts)
 A = Elapsed time spent in this place.
 B = Non-inter-level travel time spent in this place.
 C = Inter-level travel time spent in this place.
 D = Time resting spent in this place.
 E = Time spent auto-exploring this place.
 F = Levels seen in this place.
 G = Mean time per level.
                   A        B        C        D        E       F      G
               +--------+--------+--------+--------+--------+-----+--------+
         Total |   3870 |   3785 |     85 |    440 |   2285 |   4 |  967.5 |
       Dungeon |   3870 |   3785 |     85 |    440 |   2285 |   4 |  967.5 |
               +--------+--------+--------+--------+--------+-----+--------+

Top non-repeatable levels by time:
     D:2: 1463 daAuts
     D:4: 993 daAuts
     D:3: 851 daAuts
     D:1: 562 daAuts
